 Dungeon Sprint DCSS version 0.27-a0-1119-gbf574a6a6b (webtiles) character file.

Game seed: 5444033165094175131

301 Zeld the Blocker (level 6, -2/50 HPs)
             Began as an Octopode Fighter on May 2, 2021.
             Slain by a shadow (34 damage)
             ... in the Dungeon (Sprint III: "The Ten Rune Challenge").
             The game lasted 00:01:52 (1034 turns).

Zeld the Blocker (Octopode Fighter)                 Turns: 1034, Time: 00:01:53

Health: -2/50      AC:  1    Str: 17    XL:     6   Next: 37%
Magic:  6/6        EV: 12    Int: 10    God:
Gold:   5          SH: 11    Dex: 12    Spells: 5/5 levels left

rFire    . . .     SeeInvis .   a - +0 war axe
rCold    . . .     Faith    .   b - +0 kite shield
rNeg     . . .     Spirit   .   (helmet restricted)
rPois    .         Reflect  .   (no amulet)
rElec    .         Harm     .   (no ring)
rCorr    .         Rampage  .   (no ring)
Will     .....     NoTele   +   (no ring)
Stlth    ++........             (no ring)
HPRegen  0.16/turn              (no ring)
MPRegen  0.10/turn              (no ring)
                                (no ring)
                                (no ring)

@: no status effects
A: almost no armour, amphibious, 8 rings, camouflage 1, gelatinous body 1,
(nimble swimmer 1), tentacles
a: no special abilities


You were in the Dungeon.
You visited 1 branch You collected 5 gold pieces.

Inventory:

Hand Weapons
 a - a +0 war axe (weapon)
Armour
 b - a +0 kite shield (worn)
Wands
 k - a wand of flame (28)
Scrolls
 h - a scroll of holy word {unknown}
 i - a scroll of blinking
 l - a scroll of identify {unknown}
 n - a scroll of immolation {unknown}
 o - a scroll of amnesia {unknown}
Potions
 d - a potion of curing
 e - a potion of heal wounds
 f - a potion of haste
 g - 3 potions of magic
 j - 4 potions of mutation {unknown}
 m - 4 potions of flight


   Skills:
 * Level 8.1 Fighting
 * Level 7.7 Axes
 - Level 3.0 Dodging
 * Level 8.1 Shields


You had 5 spell levels left.
You didn't know any spells.
Your spell library contained the following spells:

 Spells                   Type           Power      Damage    Failure   Level
 Beastly Appendage        Tmut           0%         N/A       67%         1
 Wereblood                Tmut           0%         N/A       80%         2
 Spider Form              Tmut/Pois      0%         N/A       95%         3
 Cause Fear               Hex            0%         N/A       100%        4
 Ice Form                 Ice/Tmut       0%         N/A       100%        4
 Hydra Form               Tmut           0%         N/A       100%        5
 Silence                  Hex/Air        0%         N/A       100%        5
 Yara's Violent Unravell  Hex/Tmut       0%         3d3       100%        5
 Discord                  Hex            0%         N/A       100%        8


Dungeon Overview and Level Annotations

Branches:
Dungeon (1/1)

Altars:
Dithmenos
Kikubaaqudgha
Ru
Sif Muna
Vehumet
Yredelemnul


Innate Abilities, Weirdness & Mutations

You cannot wear most types of armour.
You are amphibious.
You can wear up to eight rings at the same time.
Your skin changes colour to match your surroundings (Stealth+).
Your rubbery body absorbs attacks. (AC +1, EV +1)
((You are camouflaged near water. (Stealth+)))
You have tentacles for arms and can constrict up to eight enemies at once.


Message History

The jelly is severely wounded.
You block the jelly's attack.
You hit the jelly.
Your tentacles burn!
The jelly is severely wounded.
You block the jelly's attack.
You slash the jelly!
You kill the jelly!
Your Fighting skill increases to level 8!
Your Shields skill increases to level 8!
No target in view!
You start resting.
You start resting.
You start resting.
HP restored.
You start waiting.
Okay, then.
There is an open door here.
Aiming: Throw Flame
Press: ? - help, Shift-Dir - straight line, f - shadow
Aim: a shadow (dormant, 100% to hit)
The puff of flame hits the shadow.
The shadow is lightly damaged.
Unknown command.
You closely miss the shadow.
The shadow is lightly damaged.
You block the shadow's attack.
You hit the shadow. You squeeze the shadow.
The shadow is heavily damaged.
The shadow hits you!
You closely miss the shadow.
The shadow is heavily damaged.
The shadow hits you!
You barely miss the shadow.
The shadow is heavily damaged.
The shadow slips into darkness.
The shadow flickers and vanishes!
Deactivating autopickup; reactivate with Ctrl-A.
The shadow strikes at you from the darkness!
Ouch! That really hurt!
You die...

▓▓▓ ##.# ####
####..# #__#
#..#..# #._#
#..#..###+#+###)##
##'#..#..........#
###...'.⌠........#
###...#...######@#
##....#.⌠.# #.{.#
#.....#...# #...#
†.....#)### #...#
#.....#.).# #...+
##....#___# +...#
▓▓▓▓▓▓▓▓▓▓ ▓▓▓▓▓


There were no monsters in sight!

Vanquished Creatures
  A necrophage (D)
  A water elemental (D)
  A jelly (D)
  Jessica (D)
  A wizard (D)
  A necromancer (D)
  A kobold demonologist (D)
  A human (D)
  A phantom (D)
  2 endoplasms (D)
11 creatures vanquished.

Vanquished Creatures (others)
  3 plants (D)
3 creatures vanquished.

Grand Total: 14 creatures vanquished

Notes
Turn   | Place    | Note
-------+----------+-------------------------------------------
     0 | D        | Zeld the Octopode Fighter began the quest for the Orb.
     0 | D        | Reached XP level 1. HP: 16/16 MP: 1/1
    35 | D        | Noticed Jessica
    39 | D        | Killed Jessica
    40 | D        | Reached XP level 2. HP: 7/23 MP: 2/2
    40 | D        | Reached XP level 3. HP: 8/27 MP: 3/3
   250 | D        | Reached skill level 5 in Shields
   253 | D        | Reached skill level 5 in Fighting
   337 | D        | Noticed a water elemental
   343 | D        | Killed a water elemental
   344 | D        | Reached skill level 5 in Axes
   344 | D        | Reached XP level 4. HP: 4/36 MP: 4/4
   546 | D        | Found a basalt altar of Yredelemnul.
   546 | D        | Found a shadowy altar of Dithmenos.
   546 | D        | Found a sacrificial altar of Ru.
   546 | D        | Noticed a necrophage
   550 | D        | Reached XP level 5. HP: 34/42 MP: 5/5
   553 | D        | Killed a necrophage
   554 | D        | Reached XP level 6. HP: 39/49 MP: 6/6
   686 | D        | Found a radiant altar of Vehumet.
   687 | D        | Found a shimmering blue altar of Sif Muna.
   687 | D        | Found an ancient bone altar of Kikubaaqudgha.
   693 | D        | Noticed a chaos spawn
   893 | D        | Noticed a shadow
  1034 | D        | Slain by a shadow

Illustrated notes

Levels and vault maps discovered:
D:        dungeon_sprint_mu [sprint_mu_entry_cave, sprint_mu_temple_rooms,
          sprint_mu_d1_spiders, sprint_mu_d2_genie, sprint_mu_d3_branching,
          sprint_mu_orc_legion, sprint_mu_elf_gauntlet, sprint_mu_hive_nellie,
          sprint_mu_lair_fedhas, sprint_mu_vaults_butterflies,
          sprint_mu_slime_circle, sprint_mu_swamp_cave, sprint_mu_shoals_archi,
          sprint_mu_blade_basic, sprint_mu_crypt_lich, sprint_mu_tomb_spiral,
          sprint_mu_vestibule_basic, sprint_mu_gehenna_hellfire,
          sprint_mu_dis_giant, sprint_mu_tartarus_statrot,
          sprint_mu_cocytus_islands, sprint_mu_zot1]

Skill      XL: |  1  2  3  4  5  6 |
---------------+-------------------+-----
Fighting       | 4 6 7 8 |  8.1
Axes           | 3 5 6 7 |  7.7
Shields        | 4 6 7 8 |  8.1
Dodging        | |  3.0

Action                   |  1- 3 |  4- 6 || total
-------------------------+-------+-------++-------
Melee: War axe           |    14 |    22 ||    36
       Tentacles         |     4 |     6 ||    10
       Constrict         |     1 |     4 ||     5
Evoke: Wand              |       |     1 ||     1
  Use: Potion            |     2 |       ||     2
 Stab: Sleeping          |     1 |       ||     1
Armor: Skin              |       |     1 ||     1
Dodge: Dodged            |     3 |     6 ||     9
Block: Kite shield       |     6 |    11 ||    17

Table legend: (Time is in decaauts)
 A = Elapsed time spent in this place.
 B = Non-inter-level travel time spent in this place.
 C = Inter-level travel time spent in this place.
 D = Time resting spent in this place.
 E = Time spent auto-exploring this place.
 F = Levels seen in this place.
 G = Mean time per level.
                   A        B        C        D        E       F      G
               +--------+--------+--------+--------+--------+-----+--------+
         Total |   1057 |   1057 |      0 |    854 |      5 |   1 | 1057.0 |
       Dungeon |   1057 |   1057 |      0 |    854 |      5 |   1 | 1057.0 |
               +--------+--------+--------+--------+--------+-----+--------+

Top non-repeatable levels by time:
       D: 1057 daAuts
